 Dungeon Crawl Stone Soup version 0.31-a0-845-g9abc20d24f (webtiles) character file.

Game seed: 6085012931488552006

59054 BinkBink the Markself (level 14, -4/92 HPs)
             Began as a Deep Elf Hunter on Oct 1, 2023.
             Was the Champion of Dithmenos.
             Killed from afar by Aizul (17 damage)
             ... with a bolt of poison
             ... on level 1 of the Shoals.
             The game lasted 01:13:27 (16811 turns).

BinkBink the Markself (Deep Elf Hunter)            Turns: 16811, Time: 01:13:30

Health: -4/92      AC:  9    Str: 13 (14) XL:     14   Next: 51%
Magic:  28/28      EV: 13    Int: 10 (14) God:    Dithmenos [******]
Gold:   499        SH:  0    Dex: 25 (26) Spells: 20/29 levels left

rFire   + . .        q - +5 shortbow (elec)
rCold   . . .        (shield currently unavailable)
rNeg    . . .        y - +4 steam dragon scales
rPois   .            (helmet currently unavailable)
rElec   .            (cloak currently unavailable)
rCorr   .            (gloves currently unavailable)
SInv    .            j - melded +0 pair of boots
Will    +....        m - amulet of regeneration
Stlth   ++++         C - +4 ring of slaying
HPRegen 1.95/turn    a - ring of Erung {Fly rF+ Str+6 Dex+4}
MPRegen 0.21/turn

%: no passive effects
@: lethally poisoned (-4 -> -33), beast-form, flying, wreathed by umbra,
studying Earth Magic, invisible
A: beast (slay +4), deterioration 1, dopey 1, regeneration 1, screaming 1
a: Begin Untransformation, Renounce Religion, Shadow Step, Shadow Form


You were on level 1 of the Shoals.
You worshipped Dithmenos.
Dithmenos was exalted by your worship.
You were a hulking beast.
You visited 5 branches of the dungeon, and saw 20 of its levels.
You also visited: Sewer, Ossuary, Bailey and Volcano.

You collected 1685 gold pieces.
You spent 1186 gold pieces at shops.

Inventory:

Hand Weapons
 q - a +5 shortbow of electrocution (weapon)
 K - a +4 shortbow of flaming
 T - a +3 orcbow of draining
Missiles
 V - a throwing net
Armour
 f - a +0 robe of positive energy
 j - a +0 pair of boots (melded)
 s - the +3 hat of Pondering {ponderous, Will+ MP+10 Int+5}
   (You took it off Gastronok on level 8 of the Dungeon)

   Int+5:     It affects your intelligence (+5).
   Will+:     It increases your willpower.
   MP+10:     It affects your magic capacity (+10).
 u - the +1 cloak "Botruk" {Will+}
   (You bought it in a shop on level 1 of the Orcish Mines)

   Will+:     It increases your willpower.
 y - +4 steam dragon scales (worn)
 J - a +0 troll leather armour
Jewellery
 a - the ring of Erung (right hand) {Fly rF+ Str+6 Dex+4}
   (You acquired it on level 7 of the Dungeon)

   [ring of strength]

   Str+6:     It affects your strength (+6).
   Dex+4:     It affects your dexterity (+4).
   rF+:       It protects you from fire.
   Fly:       It grants you flight.
 c - a +5 ring of evasion
 l - a ring of see invisible
 m - an amulet of regeneration (around neck)
 C - a +4 ring of slaying (left hand)
 F - a ring of protection from cold
 I - a ring of willpower
 Q - a ring of ice
Talismans
 k - a beast talisman (active)
Wands
 h - a wand of charming (17)
 A - a wand of flame (26)
 D - a wand of digging (8)
 L - a wand of quicksilver (4)
 O - a wand of mindburst (8)
 S - a wand of polymorph (7)
Scrolls
 d - a scroll of silence
 g - 2 scrolls of identify
 i - 3 scrolls of amnesia
 r - 2 scrolls of teleportation
 z - 2 scrolls of vulnerability
 E - 2 scrolls of poison
 G - 3 scrolls of immolation
 M - 4 scrolls of torment
 R - 2 scrolls of fog
Potions
 b - 2 potions of enlightenment
 e - 2 potions of might
 n - 5 potions of resistance
 o - a potion of cancellation
 p - 3 potions of mutation
 t - 5 potions of ambrosia
 v - 2 potions of brilliance
 w - 4 potions of berserk rage
 x - 5 potions of attraction
 B - 3 potions of invisibility
 H - 2 potions of lignification
 N - 3 potions of haste
 P - a potion of magic {unknown}
 U - a potion of curing


   Skills:
 - Level 12.8 Fighting
 - Level 18.0 Ranged Weapons
 - Level 4.0 Armour
 - Level 2.4 Dodging
 - Level 1.2 Stealth
 + Level 8.4 Spellcasting
 + Level 2.8 Conjurations
 + Level 4.1 Translocations
 + Level 7.0 Transmutations
 + Level 10.1 Earth Magic
 - Level 10.0 Shapeshifting


You had 20 spell levels left.
You knew the following spells:

 Your Spells              Type           Power      Damage    Failure   Level
a - Petrify               Tmut/Erth      21%        N/A       4%          4
b - Blink                 Tloc           24%        N/A       4%          2
c - Stone Arrow           Conj/Erth      34%        3d9       3%          3

Your spell library contained the following spells:

 Spells                   Type           Power      Damage    Failure   Level
 Magic Dart               Conj           36%        1d4       4%          1
 Lesser Beckoning         Tloc           24%        N/A       4%          2
 Searing Ray              Conj           18%        2d5       8%          2
 Kiss of Death            Conj/Necr      28%        2d7       9%          1
 Gell's Gravitas          Tloc           12%        N/A       9%          3
 Teleport Other           Tloc           12%        N/A       9%          3
 Freeze                   Ice            16%        1d4       16%         1
 Ensorcelled Hibernation  Hex/Ice        8%         N/A       24%         2
 Jinxbite                 Hex            8%         N/A       24%         2
 Sublimation of Blood     Necr           4%         N/A       24%         2
 Hailstorm                Conj/Ice       7%         3d4       26%         3
 Mephitic Cloud           Conj/Pois/Air  6%         N/A       32%         3
 Confusing Touch          Hex            4%         N/A       43%         3
 Frozen Ramparts          Ice            8%         1d2       43%         3
 Irradiate                Conj/Tmut      7%         3d14      52%         5
 Fulminant Prism          Conj/Hex       3%         3d5       65%         4
 Alistair's Intoxication  Tmut/Pois      7%         N/A       71%         5
 Anguish                  Hex/Necr       2%         N/A       85%         4
 Dispel Undead            Necr           4%         3d7       85%         4
 Summon Lightning Spire   Summ/Air       4%         N/A       85%         4
 Bombard                  Conj/Erth      8%         9d2       86%         6
 Lehudib's Crystal Spear  Conj/Erth      8%         10d4      100%        8
 Shatter                  Erth           12%        3d13*     100%        9


Dungeon Overview and Level Annotations

Branches:
Dungeon (14/15)            Temple (1/1) D:7            Lair (2/5) D:11
 Shoals (1/4) Lair:2       Spider (0/4) Lair:2          Orc (2/2) D:11
    Elf (0/3) Orc:2        Vaults (0/5) D:13          Sewer (visited)
Ossuary (visited)          Bailey (visited)         Volcano (visited)

Altars:
Ashenzari
Cheibriados
Dithmenos
Elyvilon
Fedhas
Gozag
Hepliaklqana
Kikubaaqudgha
Makhleb
Nemelex Xobeh
Okawaru
Qazlal
Ru
Sif Muna
Trog
Uskayaw
Vehumet
Xom
Yredelemnul
Zin

Shops:
D:2 (   D:4 *   D:5 [=   D:9 *   Orc:1 [   Orc:2 ?:**[:*

Annotations:
D:2 1 runed translucent door, Crazy Yiuf
D:6 3 runed translucent doors, slavik159's ghost, novice MiHu
D:9 2 runed translucent doors
Shoals:1 Aizul
Orc:2 Donald


Innate Abilities, Weirdness & Mutations

You are a hulking beast.
Your limbs bulge with bestial killing power. (Slay +4)
Your body sometimes deteriorates upon taking damage.
You are dopey. (Int -2)
Your natural rate of healing is unusually fast.
You occasionally shout uncontrollably at your foes.


Message History

Aizul is moderately wounded.
Your shadow shoots an arrow.
The arrow barely misses Aizul.
You shoot an arrow. The arrow hits Aizul!
Aizul is heavily wounded.
Your shadow shoots an arrow.
The arrow hits Aizul.
You shoot an arrow. The arrow misses Aizul.
Your shadow shoots an arrow.
The arrow hits Aizul.
You shoot an arrow. The arrow hits Aizul!
Aizul is severely wounded.
Aizul hisses menacingly.
You shoot an arrow. The arrow hits Aizul!!
Aizul is severely wounded.
Aizul casts a spell at you. The bolt of poison misses you.
You shoot an arrow.
The arrow hits Aizul but does no damage.
Aizul is severely wounded.
You shoot an arrow. The arrow barely misses Aizul.
You shoot an arrow. The arrow misses Aizul.
Aizul casts a spell at you. The bolt of poison hits you!
You are poisoned.
Your body deteriorates!
You feel dopey.
You shoot an arrow. The arrow barely misses Aizul.
You feel very sick.
You shoot an arrow. The arrow hits Aizul!
Aizul is almost dead.
You feel very sick.
Aizul coils herself and waves her upper body at you.
The poison arrow hits you!!!
You are more poisoned.
Ouch! That really hurt!
* * * LOW HITPOINT WARNING * * *
You emit a cloud of dark smoke.
You fade into invisibility!
* * * LOW HITPOINT WARNING * * *
You feel extremely sick.
Aizul coils herself and waves her upper body at you.
The bolt of poison hits you!
You are more poisoned.
You die...

########################
≈≈≈≈≈≈≈≈≈≈≈≈≈≈≈≈≈≈≈≈≈≈≈≈
≈≈≈≈≈≈≈≈≈≈≈≈≈≈≈≈≈≈≈≈≈≈≈≈
≈≈≈≈≈≈≈≈≈≈≈≈≈≈≈≈≈≈≈≈≈≈≈≈
≈≈≈≈≈§§h§≈≈≈≈≈≈≈≈≈≈≈≈~~~
≈≈≈≈≈≈§≈≈≈≈≈≈≈≈≈≈~~~~~~~
≈≈≈≈≈≈§§≈≈≈≈≈≈≈~~~~~~~..
≈≈≈≈≈≈≈≈≈≈≈≈≈≈~~~~~.~~..
~~S≈≈≈≈≈≈≈≈≈≈≈~~~..~~..#
..~~≈≈≈≈~~~~~~~~~......#
...~≈≈≈~~~~~~~~~........
...~≈~~~~.....~~........
.~~~.......


You could see Aizul.

Vanquished Creatures
  Frances (Shoals:1)
  Gastronok (D:8)
  A red draconian (Volcano)
  Josephine (D:12)
  4 vault guards (D:13)
  4 centaur warriors
  3 boulder beetles
  6 two-headed ogres
  A tengu warrior (D:14)
  3 orc high priests (Orc:2)
  Sonja (D:11)
  A skyshark (Shoals:1)
  A skeletal warrior (D:14)
  A sea snake (Shoals:1)
  Pikel (D:8)
  3 deep elf zephyrmancers (D:14)
  A wizard (D:14)
  2 orc knights (Orc:2)
  2 deep elf pyromancers (D:13)
  6 ugly things
  4 cyclopes
  2 orc sorcerers
  7 manticores
  Maurice (D:8)
  A water nymph (shapeshifter) (D:13)
  A merfolk siren (Shoals:1)
  A black mamba (Lair:1)
  A black mamba (shapeshifter) (D:13)
  5 cane toads
  2 unseen horrors
  An efreet (D:14)
  3 kobold demonologists
  A tengu conjurer (D:13)
  5 komodo dragons
  A yaktaur (Volcano)
  A freezing wraith (D:14)
  A queen bee (Lair:1)
  2 red devils (Orc:2)
  5 trolls
  A meliai (D:13)
  2 hornets (D:7)
  Grinder (D:6)
  8 slime creatures (D:13)
  2 shadows
  Sigmund (D:3)
  7 wraiths
  A vampire (D:11)
  17 yaks
  2 wyverns
  3 basilisks
  2 steam dragons (D:8)
  A redback (Lair:2)
  A warg (Orc:1)
  17 vampire mosquitoes
  A chaos spawn (Orc:2)
  2 acid dragons
  12 water moccasins
  30 orc warriors
  4 black bears
  3 sky beasts
  4 wolves
  11 centaurs
  7 ogres
  5 bullfrogs
  2 kobold brigands
  An elf zombie (Ossuary)
  A gnoll sergeant (D:7)
  6 scorpions
  5 wights (D:7)
  39 killer bees
  A howler monkey (D:12)
  9 electric eels
  A centaur zombie (Ossuary)
  7 crimson imps (D:8)
  A hound (D:6)
  3 jellies
  A human zombie (Ossuary)
  30 orc priests
  A gnoll bouda (D:9)
  2 sleepcaps (D:6)
  26 orc wizards
  2 mummies (Ossuary)
  14 gnolls
  9 adders
  2 shadow imps
  3 white imps
  2 ufetubi
  3 adder zombies (Ossuary)
  2 worms
  3 dart slugs
  75 orcs
  5 endoplasms
  4 giant cockroaches
  16 goblins
  11 hobgoblins
  12 jackals
  2 quokkas
  6 ball pythons
  19 bats
  3 frilled lizards
  A goblin zombie (Ossuary)
  7 hobgoblin zombies (Ossuary)
  4 jackal zombies (Ossuary)
  16 kobolds
  10 kobold zombies (Ossuary)
  9 orc zombies (Ossuary)
  7 rats
617 creatures vanquished.

Vanquished Creatures (collateral kills)
  An orc priest (D:6)
  2 gnolls (D:4)
  An orc (D:6)
  A hobgoblin (D:4)
5 creatures vanquished.

Vanquished Creatures (others)
  A centaur (Volcano)
1 creature vanquished.

Grand Total: 623 creatures vanquished

Notes
Turn   | Place    | Note
-------+----------+-------------------------------------------
     0 | D:1      | BinkBink the Deep Elf Hunter began the quest for the Orb.
     0 | D:1      | Reached XP level 1. HP: 12/12 MP: 3/3
   313 | D:1      | Reached XP level 2. HP: 17/17 MP: 4/4
   845 | D:2      | Reached skill level 6 in Ranged Weapons
   883 | D:2      | Found Alad's Antique Weapon Emporium.
  1078 | D:2      | Reached XP level 3. HP: 21/21 MP: 5/5
  1517 | D:2      | Found a runed translucent door.
  1518 | D:2      | Noticed Crazy Yiuf
  1591 | D:3      | Noticed Sigmund
  1757 | D:2      | Gained mutation: You are dopey. (Int -2) [potion of
                  | mutation]
  1757 | D:2      | Gained mutation: Your body sometimes deteriorates upon
                  | taking damage. [potion of mutation]
  1757 | D:2      | Gained mutation: Your natural rate of healing is unusually
                  | fast. [potion of mutation]
  1861 | D:3      | Reached XP level 4. HP: 27/27 MP: 6/6
  1898 | D:3      | Found a glowing drain.
  1918 | D:3      | Reached skill level 7 in Ranged Weapons
  1922 | Sewer    | Entered a sewer
  1970 | Sewer    | Noticed a water moccasin
  2146 | D:3      | Reached XP level 5. HP: 32/32 MP: 7/7
  2372 | D:3      | Killed Sigmund
  2373 | D:3      | Reached skill level 8 in Ranged Weapons
  2373 | D:3      | Reached XP level 6. HP: 30/37 MP: 8/8
  2539 | D:3      | Found a faded altar of an unknown god.
  2961 | D:4      | Reached skill level 9 in Ranged Weapons
  3004 | D:4      | Found Xiamiluts's Assorted Antiques.
  3254 | D:2      | Bought a glowing shortbow for 156 gold pieces
  3380 | D:3      | Reached skill level 1 in Shapeshifting
  3383 | D:3      | Reached XP level 7. HP: 26/42 MP: 9/9
  3681 | D:5      | Entered Level 5 of the Dungeon
  3687 | D:5      | Reached skill level 10 in Ranged Weapons
  3786 | D:5      | Reached XP level 8. HP: 48/48 MP: 10/10
  3798 | D:5      | Found a sand-covered staircase.
  3811 | Ossuary  | Entered an ossuary
  3993 | Ossuary  | Reached skill level 11 in Ranged Weapons
  4126 | D:5      | Found Kuakkom's Jewellery Shoppe.
  4126 | D:5      | Found Ynku's Antique Armour Boutique.
  4260 | D:6      | Noticed slavik159's ghost (novice MiHu)
  4260 | D:6      | Found a runed translucent gate.
  4260 | D:6      | Found a runed translucent gate.
  4260 | D:6      | Found a runed translucent gate.
  4367 | D:6      | Reached skill level 5 in Fighting
  4386 | D:6      | Reached skill level 12 in Ranged Weapons
  4676 | D:6      | Reached XP level 9. HP: 54/54 MP: 11/11
  4806 | D:6      | Noticed Grinder
  4811 | D:6      | Paralysed by Grinder for 3 turns
  4815 | D:6      | Killed Grinder
  5180 | D:7      | Found a flagged portal.
  5194 | Bailey   | Entered a bailey
  5240 | Bailey   | Reached skill level 13 in Ranged Weapons
  5240 | Bailey   | Reached skill level 5 in Shapeshifting
  5369 | Bailey   | Found an iron altar of Okawaru.
  5369 | Bailey   | Noticed a kobold demonologist
  5369 | Bailey   | Noticed a kobold demonologist
  5381 | Bailey   | Noticed an ice devil
  5385 | Bailey   | Killed a kobold demonologist
  5395 | Bailey   | Killed a kobold demonologist
  5396 | Bailey   | Reached skill level 14 in Ranged Weapons
  5515 | Bailey   | Identified the -2 barding of the Exiled Mice {rF+}
  5516 | Bailey   | Identified the +2 leather armour of Lachrymose Life {rN+
                  | MP-9 Dex+2}
  5880 | D:7      | Acquired a manual of Earth Magic
  5882 | D:7      | Acquired the ring of Erung {Fly rF+ Str+6 Dex+4}
  5905 | D:7      | Reached XP level 10. HP: 53/61 MP: 12/12
  5978 | D:7      | Found a hide-covered altar of Uskayaw.
  6035 | D:7      | Paralysed by a hornet for 3 turns
  6159 | D:7      | Found a staircase to the Ecumenical Temple.
  6170 | Temple   | Entered the Ecumenical Temple
  6178 | Temple   | Became a worshipper of Dithmenos the Shadowed
  6361 | D:7      | Reached skill level 15 in Ranged Weapons
  6435 | D:7      | Found a snail-covered altar of Cheibriados.
  6686 | D:8      | Found the +6 shillelagh "Devastator" {shatter}
  7248 | D:8      | Reached * piety under Dithmenos
  7288 | D:8      | Noticed Gastronok
  7318 | D:8      | Killed Gastronok
  7319 | D:8      | Reached skill level 16 in Ranged Weapons
  7347 | D:8      | Noticed a two-headed ogre
  7412 | D:8      | Noticed Maurice
  7416 | D:8      | Killed Maurice
  7450 | D:8      | Noticed Pikel
  7455 | D:8      | Killed Pikel
  7456 | D:8      | Reached XP level 11. HP: 67/67 MP: 13/13
  7641 | D:8      | Found a basalt altar of Yredelemnul.
  7642 | D:8      | Found a sparkling altar of Nemelex Xobeh.
  7663 | D:8      | Killed a two-headed ogre
  8024 | D:9      | Found a large runed translucent door.
  8025 | D:9      | Found a large runed translucent door.
  8057 | D:9      | Found Fed Muff's Serpentskin Sales.
  8192 | D:10     | Entered Level 10 of the Dungeon
  8201 | D:10     | Reached ** piety under Dithmenos
  8235 | D:10     | Reached skill level 17 in Ranged Weapons
  8346 | D:10     | Noticed a two-headed ogre
  8352 | D:10     | Killed a two-headed ogre
  9016 | D:11     | Noticed Sonja
  9023 | D:11     | Killed Sonja
  9024 | D:11     | Reached skill level 1 in Armour
  9152 | D:11     | Reached *** piety under Dithmenos
  9196 | D:11     | Found a staircase to the Orcish Mines.
  9207 | D:11     | Reached skill level 18 in Ranged Weapons
  9215 | D:11     | Reached skill level 10 in Shapeshifting
  9215 | D:11     | Noticed a boulder beetle
  9300 | D:11     | Reached XP level 12. HP: 65/75 MP: 14/14
  9419 | D:11     | Noticed a two-headed ogre
  9422 | D:11     | Killed a two-headed ogre
  9423 | D:11     | Noticed a boulder beetle
  9426 | D:11     | Killed a boulder beetle
  9574 | D:11     | Found a staircase to the Lair.
  9695 | D:12     | Noticed Josephine
 10355 | D:12     | Killed Josephine
 10469 | D:12     | Noticed a two-headed ogre
 10475 | D:12     | Killed a two-headed ogre
 10683 | D:12     | Reached skill level 10 in Fighting
 10997 | D:12     | Reached **** piety under Dithmenos
 11419 | D:13     | Found a gate to the Vaults.
 11419 | D:13     | Noticed a vault guard
 11419 | D:13     | Noticed a vault guard
 11419 | D:13     | Noticed a vault guard
 11419 | D:13     | Noticed a vault guard
 11430 | D:13     | Killed a vault guard
 11430 | D:13     | HP: 3/80 [spore (8)]
 11434 | D:13     | Killed a vault guard
 11437 | D:13     | Killed a vault guard
 11438 | D:13     | Reached XP level 13. HP: 5/85 MP: 15/15
 11659 | Orc:1    | Entered Level 1 of the Orcish Mines
 11963 | Orc:2    | Entered Level 2 of the Orcish Mines
 11963 | Orc:2    | Found Giuseb's Magic Scroll Shoppe.
 11984 | Orc:2    | Found Hikhac's Book Shoppe.
 11992 | Orc:2    | Bought the Encyclopedia of the Warped Rocks for 672 gold
                  | pieces
 11997 | Orc:2    | Learned a level 4 spell: Petrify
 12131 | Orc:2    | Noticed Donald
 12208 | Orc:1    | Reached ***** piety under Dithmenos
 12211 | Orc:1    | Reached skill level 1 in Earth Magic
 12237 | Orc:1    | Found Niskafa's Antique Armour Shop.
 12269 | Orc:1    | Reached skill level 1 in Spellcasting
 12269 | Orc:1    | Reached skill level 1 in Transmutations
 12343 | Orc:1    | Bought a steaming cloak for 256 gold pieces
 12343 | Orc:1    | Identified the +1 cloak "Botruk" {Will+} (You bought it in
                  | a shop on level 1 of the Orcish Mines)
 12534 | Orc:2    | Found a staircase to the Elven Halls.
 12656 | Orc:2    | Found Guuthryugy's General Store.
 12742 | Orc:2    | Found Benkae's General Store.
 12782 | Orc:2    | Found Fylamin's Antique Armour Shop.
 12858 | Orc:2    | Found Enniull's Book Shoppe.
 12860 | Orc:2    | Found Maep's Assorted Antiques.
 12882 | Orc:2    | Bought a scroll labelled ZEVVERPH ECVYIPRE for 32 gold
                  | pieces
 12980 | Orc:2    | Bought a potion of heal wounds for 70 gold pieces
 13224 | Orc:2    | Reached skill level 5 in Earth Magic
 13574 | Lair:1   | Entered Level 1 of the Lair of Beasts
 13803 | Lair:1   | Reached skill level 5 in Spellcasting
 13976 | Lair:1   | Reached ****** piety under Dithmenos
 14198 | Lair:1   | Found a dark tunnel.
 14205 | Volcano  | Entered a volcano
 14247 | Volcano  | Found a bloodstained altar of Trog.
 14247 | Volcano  | Noticed a red draconian
 14298 | Volcano  | HP: 4/87 [centaur warrior/arrow (21)]
 14306 | Volcano  | HP: 4/87 [centaur warrior/arrow (1)]
 14403 | Volcano  | Killed a red draconian
 14542 | Lair:2   | Found a hole to the Spider Nest.
 14550 | Lair:2   | Reached skill level 5 in Transmutations
 14888 | Lair:2   | Found a staircase to the Shoals.
 15148 | D:11     | Reached XP level 14. HP: 92/92 MP: 25/25
 15160 | D:12     | Learned a level 2 spell: Blink
 15532 | D:13     | Reached skill level 1 in Translocations
 15912 | D:14     | Got an odd book
 15920 | D:14     | Got a disorganized book
 15931 | D:14     | Learned a level 3 spell: Stone Arrow
 15944 | D:14     | Got a thrumming book
 16004 | D:14     | Reached skill level 1 in Conjurations
 16518 | Shoals:1 | Entered Level 1 of the Shoals
 16564 | Shoals:1 | Noticed Frances
 16610 | Shoals:1 | Gained mutation: You occasionally shout uncontrollably at
                  | your foes. [a neqoxec]
 16621 | Shoals:1 | Killed Frances
 16622 | Shoals:1 | Reached skill level 10 in Earth Magic
 16797 | Shoals:1 | Noticed Aizul
 16811 | Shoals:1 | Killed from afar by Aizul

Illustrated notes

Levels and vault maps discovered:
D:1:      dpeg_arrival_rooms_b, layout_basic
D:2:      layout_loops_ring, serial_shops, nicolae_shop_just_a_little_nook,
          uniq_crazy_yiuf_cottage
D:3:      layout_basic, portal_sewer_entry_c, ebering_ecumenical_altar_box,
          uniq_sigmund
D:4:      layout_basic, serial_shops, nicolae_shop_stone,
          ebering_dispersal_statue_hall, sigmund_army
D:5:      layout_gridville, nicolae_ossuary_entry_monument,
          nicolae_wooded_promenade, grunt_decor_mini_mirrors, st_stairs_9
D:6:      layout_cave_pods, ebering_ghost_rock_garden, uniq_grinder
D:7:      layout_loops_ring, mainiacjoe_overflow_big_doors,
          minmay_temple_entry_water_ring, serial_bayou, serial_bayou_lagoon_a,
          serial_bayou_crossing, serial_bayou_pond_e, serial_bayou_pond_a,
          enter_bailey_2, kennysheep_dice
D:8:      layout_rooms, mainiacjoe_overflow_divided_tiny, minmay_nine_imps,
          uniq_pikel, uniq_maurice, uniq_gastronok
D:9:      layout_rooms, jmf_multi_god_temple2, minmay_misc_feat_ornament,
          guppyfry_shop_venom
D:10:     layout_basic
D:11:     layout_roguey, minmay_lair_entry_grove, hiddenorc1_lemuel, uniq_sonja
D:12:     layout_long_grid, uniq_josephine
D:13:     layout_basic, lightli_vaults_fourway_checkpoint
D:14:     layout_loops_cross, minmay_misc_feat_tower, bh_hangedman_babel_library
Temple:   nicolae_temple_x_marks_the_god
Lair:1:   layout_roguey [special_room_bee], enter_volcano_2,
          serial_bayou_shore_a
Lair:2:   layout_small_grid, minmay_shoals_entry_centaurs, spider_nest_entry_a,
          beast_lair_carwin_6, uniq_nergalle
Shoals:1: layout_shoals, gammafunk_ghost_grave, uniq_frances, uniq_aizul
Orc:1:    layout_caves, serial_shops, nicolae_shop_just_a_little_nook
Orc:2:    pf_orc_diabolical, layout_caves, serial_shops, nicolae_diamond_shop,
          nicolae_shop_tiny_glass, nicolae_shop_advertising_works
          [nicolae_subvault_shop_adworks], nicolae_lakefront_shop, shop,
          uniq_donald

Skill      XL: |  1  2  3  4  5  6  7  8  9 10 11 12 13 14 |
---------------+-------------------------------------------+-----
Fighting       | 2 3 4 5 6 7 8 11 12 | 12.8
Ranged Weapons | 6 7 8 9 10 12 14 16 18 | 18.0
Shapeshifting  | 1 2 4 6 8 10 | 10.0
Armour         | 2 4 |  4.0
Earth Magic    | 7 10 | 10.1
Spellcasting   | 6 8 |  8.4
Transmutations | 5 7 |  7.0
Translocations | 4 |  4.1
Conjurations   | 2 |  2.8
Dodging        | |  2.4
Stealth        | |  1.2

Action                     |  1- 3 |  4- 6 |  7- 9 | 10-12 | 13-15 || total
---------------------------+-------+-------+-------+-------+-------++-------
   Fire: Shortbow          |   124 |   182 |   338 |   488 |   672 ||  1804
    Use: Potion            |     1 |       |       |     2 |     9 ||    12
         Scroll            |       |    12 |     9 |    15 |    10 ||    46
 Armour: Leather armour    |    15 |       |       |       |       ||    15
         Robe              |    18 |    40 |    29 |    17 |       ||   104
         Skin              |     2 |       |       |       |       ||     2
         Steam dragon scal |       |       |       |    67 |   173 ||   240
  Dodge: Dodged            |    72 |   110 |    49 |    76 |   127 ||   434
   Form: Beast             |       |     1 |       |       |       ||     1

Table legend: (Time is in decaauts)
 A = Elapsed time spent in this place.
 B = Non-inter-level travel time spent in this place.
 C = Inter-level travel time spent in this place.
 D = Time resting spent in this place.
 E = Time spent auto-exploring this place.
 F = Levels seen in this place.
 G = Mean time per level.
                   A        B        C        D        E       F      G
               +--------+--------+--------+--------+--------+-----+--------+
         Total |  16443 |  15048 |   1395 |   1823 |   8870 |  24 |  685.1 |
       Dungeon |  11899 |  10766 |   1133 |   1442 |   6866 |  14 |  849.9 |
        Temple |     16 |      1 |     15 |      0 |      0 |   1 |   16.0 |
          Lair |   1159 |   1035 |    124 |     10 |    660 |   2 |  579.5 |
        Shoals |    275 |    275 |      0 |      0 |    192 |   1 |  275.0 |
  Orcish Mines |   1814 |   1693 |    121 |    288 |    835 |   2 |  907.0 |
         Sewer |    103 |    103 |      0 |      0 |     18 |   1 |  103.0 |
       Ossuary |    230 |    230 |      0 |      0 |      0 |   1 |  230.0 |
        Bailey |    666 |    666 |      0 |     15 |    298 |   1 |  666.0 |
       Volcano |    278 |    278 |      0 |     67 |      0 |   1 |  278.0 |
               +--------+--------+--------+--------+--------+-----+--------+

Top non-repeatable levels by time:
    D:12: 1414 daAuts
     D:2: 1189 daAuts
   Orc:2: 1107 daAuts
    D:13: 998 daAuts
     D:8: 987 daAuts
     D:3: 975 daAuts
    D:11: 942 daAuts
     D:6: 873 daAuts
     D:7: 817 daAuts
     D:1: 783 daAuts
    D:10: 761 daAuts
  Lair:1: 736 daAuts
   Orc:1: 706 daAuts
  Bailey: 666 daAuts
     D:4: 648 daAuts
